 Dungeon Crawl Stone Soup version 0.24.0-1-gfbc8707 (webtiles) character file.

Game seed: 14453234176147622567, levelgen mode: deterministic

256 Fang the Skirmisher (level 6, -6/58 HPs)
             Began as a Gargoyle Berserker on Oct 31, 2019.
             Was a Priest of Trog.
             Killed by divine providence
             ... invoked by an orc priest
              (11 damage)
             ... on level 3 of the Dungeon.
             The game lasted 00:04:05 (2094 turns).

Fang the Skirmisher (Gargoyle Berserker)            Turns: 2094, Time: 00:04:06

Health: -6/58      AC:  6    Str: 27    XL:     6   Next: 16%
Magic:  6/6        EV: 12    Int:  8    God:    Trog [***...]
Gold:   135        SH:  0    Dex:  9    Spells: 5/5 levels left

rFire    . . .     SeeInvis .   a - +0 war axe
rCold    . . .     Gourm    .   (no shield)
rNeg     + . .     Faith    .   b - +0 animal skin
rPois    ∞         Spirit   .   (no helmet)
rElec    +         Reflect  .   (no cloak)
rCorr    .         Harm     .   (no gloves)
MR       .....                  (no boots)
Stlth    ..........             (no amulet)
HPRegen  0.19/turn              (no ring)
MPRegen  0.10/turn              (no ring)

@: berserking, very quick
A: negative energy resistance 1, electricity resistance, unbreathing,
petrification resistance, rot immunity, AC +4
a: Berserk, Trog's Hand, Renounce Religion


You were on level 3 of the Dungeon.
You worshipped Trog.
Trog was most pleased with you.
You were hungry.

You visited 1 branch of the dungeon, and saw 3 of its levels.

You collected 135 gold pieces.

Inventory:

Hand Weapons
 a - a +0 war axe (weapon)
Armour
 b - a +0 animal skin (worn)
Wands
 i - a wand of flame (42)
Scrolls
 d - 4 scrolls of identify {unknown}
 f - a scroll of immolation {unknown}
 g - a scroll of enchant weapon {unknown}
 j - a scroll of amnesia {unknown}
 l - a scroll of blinking {unknown}
 m - a scroll of enchant armour {unknown}
 n - a scroll of teleportation {unknown}
Potions
 e - 2 potions of curing {unknown}
 k - a potion of heal wounds {unknown}
 o - a potion of might {unknown}
 p - a potion of mutation {unknown}
Comestibles
 c - 5 rations
 h - 4 chunks of flesh


   Skills:
 * Level 4.6 Fighting
 * Level 3.8 Axes
 + Level 3.8 Armour
 + Level 2.9 Dodging


You had 5 spell levels left.
You didn't know any spells.
Your spell library was empty.

Dungeon Overview and Level Annotations

Branches:
Dungeon (3/15)

Altars:
Cheibriados
Ru
Wu Jian
Zin


Innate Abilities, Weirdness & Mutations

You are resistant to torment.
Your stone body is resilient. (AC +4)
You are immune to poison.
You resist negative energy. (rN+)
You are resistant to electric shocks. (rElec)
You can survive without breathing.
You are immune to petrification.
You are immune to rotting.


Message History

You are too injured to fight recklessly!
A red film seems to cover your vision as you go berserk!
You feel yourself moving faster!
You feel mighty!
You are feeling hungry.
The orc wizard hits you with a +0 dagger.
An orc comes into view. It is wielding a +0 short sword.
You barely miss the orc wizard. The orc wizard closely misses you.
The orc priest hits you from afar with a +0 trident!
* * * LOW HITPOINT WARNING * * *
The orc wizard completely misses you.
You barely miss the orc wizard. The orc priest misses you.
The orc wizard barely misses you.
You slash the orc wizard!
The orc wizard is heavily wounded.
The orc wizard gestures at you while chanting.
The puff of flame hits you.
* * * LOW HITPOINT WARNING * * *
The orc priest invokes the aid of Beogh against you.
Beogh smites you!
You die...

### # # ..#.# ####
#o####.#.## ....
#rooo@....#
##########
####(#.####
...(.....# ...#.#
####.###.######.#.#
................#.#
...#.##..########.#
>....##.(.......#.#
..............#.#.#
...#######.##.#...#


You could see an orc priest, an orc wizard, 2 orcs and a rat.

Vanquished Creatures
  Sigmund (D:2)
  2 adders (D:2)
  2 oozes
  2 worms (D:2)
  2 dart slugs
  3 leopard geckos (D:1)
  2 orcs (D:3)
  8 bats
  4 giant cockroaches (D:2)
  6 goblins
  6 hobgoblins
  4 jackals (D:2)
  A quokka (D:3)
  4 frilled lizards
  5 kobolds
  13 rats
65 creatures vanquished.

Vanquished Creatures (others)
  A hobgoblin (D:1)
1 creature vanquished.

Grand Total: 66 creatures vanquished

Notes
Turn   | Place    | Note
-------+----------+-------------------------------------------
     0 | D:1      | Fang the Gargoyle Berserker began the quest for the Orb.
     0 | D:1      | Reached XP level 1. HP: 14/14 MP: 1/1
    50 | D:1      | Reached XP level 2. HP: 17/19 MP: 2/2
   407 | D:1      | Reached XP level 3. HP: 21/23 MP: 3/3
   640 | D:1      | Reached ** piety under Trog
   879 | D:2      | Found a sacrificial altar of Ru.
  1168 | D:2      | Noticed Sigmund
  1175 | D:2      | Killed Sigmund
  1175 | D:2      | Reached skill level 4 in Fighting
  1175 | D:2      | Reached XP level 4. HP: 30/30 MP: 4/4
  1175 | D:2      | Reached XP level 5. HP: 34/34 MP: 5/5
  1279 | D:2      | Reached XP level 6. HP: 26/39 MP: 6/6
  1693 | D:2      | Found an ornate altar of the Wu Jian Council.
  1693 | D:2      | Found a snail-covered altar of Cheibriados.
  1694 | D:2      | Found a glowing silver altar of Zin.
  1972 | D:3      | Reached *** piety under Trog
  2094 | D:3      | Killed from afar by an orc priest

Levels and vault maps discovered:
D:1:      scummos_arrival_simple_fountains, layout_basic, lemuel_old_faithful
D:2:      layout_loops_ring, gammafunk_temple_overflow_claw,
          nicolae_ru_path_of_blood, uniq_sigmund
D:3:      layout_basic, st_stairs_11, tso_altar

Skill      XL: |  1  2  3 |
---------------+----------+-----
Axes           | 3 |  3.8
Dodging        | 2 |  2.9
Fighting       | 4 |  4.6
Armour         | 3 |  3.8

Action                   |  1- 3 |  4- 6 || total
-------------------------+-------+-------++-------
Melee: Hand axe          |   121 |    72 ||   193
       War axe           |       |    17 ||    17
Invok: Berserk           |     1 |     2 ||     3
 Stab: Sleeping          |       |     1 ||     1
  Eat: Chunk             |     1 |     5 ||     6
Armor: Animal skin       |    50 |    44 ||    94
Dodge: Dodged            |   102 |    75 ||   177
